 Dungeon Crawl Stone Soup version 0.31-a0-844-gdc52ec4e09 (webtiles) character file.

Game seed: 16458272689965887996

642 Kurtz the Chopper (level 7, 0/48 HPs)
             Began as an Octopode Fighter on Sept 30, 2023.
             Was a Follower of Okawaru.
             Killed by divine providence
             ... invoked by an orc priest
              (15 damage)
             ... on level 5 of the Dungeon.
             The game lasted 00:03:50 (4351 turns).

Kurtz the Chopper (Octopode Fighter)                Turns: 4351, Time: 00:03:50

Health: 0/48       AC:  1    Str: 16    XL:     7   Next: 51%
Magic:  7/8        EV: 13    Int: 10    God:    Okawaru [*.....]
Gold:   67         SH:  4    Dex: 13    Spells: 6/6 levels left

rFire   . . .        x - +2 hand axe (freeze)
rCold   . . .        b - +0 buckler
rNeg    . . .        (helmet restricted)
rPois   .            (no amulet)
rElec   .            (no ring)
rCorr   .            (no ring)
SInv    .            (no ring)
Will    .....        (no ring)
Stlth   ++           (no ring)
HPRegen 0.28/turn    (no ring)
MPRegen 0.11/turn    (no ring)
                     (no ring)

%: no passive effects
@: no status effects
A: almost no armour, amphibious, 8 rings, camouflage 1, gelatinous body 1,
(nimble swimmer 1), tentacles
a: Renounce Religion, Heroism


You were on level 5 of the Dungeon.
You worshipped Okawaru.
Okawaru was aware of your devotion.
You visited 1 branch of the dungeon, and saw 5 of its levels.

You collected 287 gold pieces.
You spent 220 gold pieces at shops.

Inventory:

Hand Weapons
 a - a +0 war axe
 c - a +1 flail of protection
 s - a +2 whip of venom
 x - a +2 hand axe of freezing (weapon)
Missiles
 n - 3 boomerangs (quivered)
 w - 2 poisoned darts
Armour
 b - a +0 buckler (worn)
Wands
 m - a wand of iceblast (9)
 o - a wand of flame (22)
Scrolls
 f - 3 scrolls of poison {unknown}
 i - 12 scrolls of identify {unknown}
 l - a scroll of fog {unknown}
 q - a scroll of enchant armour {unknown}
 r - 2 scrolls of teleportation {unknown}
 u - a scroll of immolation {unknown}
 v - a scroll of enchant weapon {unknown}
Potions
 d - 3 potions of magic {unknown}
 e - a potion of cancellation {unknown}
 g - 2 potions of curing
 h - 2 potions of mutation
 j - 2 potions of attraction {unknown}
 k - a potion of haste {unknown}
 p - a potion of heal wounds {unknown}
 t - a potion of resistance {unknown}
 z - a potion of invisibility
 A - a potion of lignification


   Skills:
 + Level 4.1 Fighting
 * Level 7.2 Axes
 - Level 3.0 Dodging
 - Level 3.0 Shields
 * Level 2.3 Invocations


You had 6 spell levels left.
You didn't know any spells.
Your spell library contained the following spells:

 Spells                   Type           Power      Damage    Failure   Level
 Freeze                   Ice            0%         1d3       43%         1
 Sandblast                Erth           0%         2d4       43%         1
 Passwall                 Tmut/Erth      0%         N/A       58%         2
 Frozen Ramparts          Ice            0%         1d1       82%         3
 Hailstorm                Conj/Ice       0%         3d3       82%         3
 Stone Arrow              Conj/Erth      0%         3d7       82%         3
 Anguish                  Hex/Necr       0%         N/A       99%         4
 Brom's Barrelling Bould  Conj/Erth      0%         2d3       99%         4
 Cause Fear               Hex            0%         N/A       99%         4
 Enfeeble                 Hex            0%         N/A       100%        7


Dungeon Overview and Level Annotations

Branches:
Dungeon (5/15)
 Temple: D:4-7

Altars:
Fedhas
Makhleb
Okawaru
Uskayaw
Yredelemnul
Zin

Shops:
D:4 [   D:5 !


Innate Abilities, Weirdness & Mutations

You cannot wear most types of armour.
You are amphibious.
You can wear up to eight rings at the same time.
Your skin changes colour to match your surroundings (Stealth+).
Your rubbery body absorbs attacks. (AC +1, EV +1)
((You are camouflaged when in or above water. (Stealth+)))
You have tentacles for arms and can constrict up to eight enemies at once.


Message History

The orc wizard moves out of view.
Okay, then.
You gain the combat prowess of a mighty hero.
The orc priest misses you.
You hit the orc priest. You freeze the orc priest. You grab the orc priest.
The orc priest is heavily wounded.
You constrict the orc priest, but do no damage.
You hit the orc priest. You freeze the orc priest. You squeeze the orc priest.
You kill the orc priest!
Okawaru accepts your kill.
The orc priest calls down the wrath of Beogh upon you.
Beogh smites you!
You hit the orc priest. You freeze the orc priest. You grab the orc priest.
The orc priest is moderately wounded.
You closely miss the orc.
You constrict the orc priest, but do no damage.
You block the orc priest's attack. You block the orc's attack.
Unknown command.
You hit the orc priest. You freeze the orc priest.
The orc priest is severely wounded.
You hit the orc. You freeze the orc.
You kill the orc!
Okawaru accepts your kill.
You constrict the orc priest, but do no damage.
The orc wizard mumbles some strange words.
The orc wizard flickers and vanishes!
Deactivating autopickup; reactivate with Ctrl-A.
The orc priest hits you with a +0 hand axe!
You slash the orc priest! You freeze the orc priest.
You kill the orc priest!
Okawaru accepts your kill.
You closely miss the gnoll.
Unknown command.
The gnoll attacks as it pursues you! The gnoll hits you with a +0 club.
* * * LOW HITPOINT WARNING * * *
You enter the deep water.
You feel like a meek peon again.
The orc priest mumbles some strange prayers to Beogh against you.
Beogh smites you!
You die...

#.# #...# ...# #.# #...#
..# #.# #...# ##
#.###go.# #.#≈≈≈.g#
#.≈≈≈≈≈g# #.≈≈∩≈≈.##
#.≈≈.~≈.....
#########@#~.~.......
..............#......
###.#####.###.#######
............#...#.
......#...#...#..
#####..###..#..# ..##
...#.#.#.#...# ...
........##'.....+##..####
.......#...#####...#....#


You could see an orc priest and 3 gnolls.

Vanquished Creatures
  A scorpion (D:4)
  A howler monkey (D:5)
  3 hounds
  3 orc priests
  Jessica (D:3)
  Terence (D:2)
  An iguana (D:5)
  An orc wizard (D:3)
  7 gnolls
  7 adders
  An ufetubus (D:5)
  3 worms
  4 dart slugs
  13 orcs
  5 ball pythons
  7 endoplasms
  5 giant cockroaches
  6 goblins
  5 hobgoblins
  12 jackals
  4 kobolds
  5 quokkas
  6 bats
  A frilled lizard (D:2)
  9 rats
112 creatures vanquished.

Vanquished Creatures (others)
  An orc (D:3)
1 creature vanquished.

Grand Total: 113 creatures vanquished

Notes
Turn   | Place    | Note
-------+----------+-------------------------------------------
     0 | D:1      | Kurtz the Octopode Fighter began the quest for the Orb.
     0 | D:1      | Reached XP level 1. HP: 16/16 MP: 1/1
    92 | D:1      | Reached XP level 2. HP: 19/21 MP: 2/2
   141 | D:1      | Reached skill level 3 in Axes
   142 | D:1      | Found a faded altar of an unknown god.
   472 | D:1      | Reached XP level 3. HP: 26/26 MP: 3/3
   971 | D:2      | Reached skill level 4 in Axes
   982 | D:2      | Found an iron altar of Okawaru.
  1007 | D:2      | Reached XP level 4. HP: 28/31 MP: 4/4
  1023 | D:2      | Became a worshipper of Warmaster Okawaru
  1286 | D:2      | Noticed Terence
  1300 | D:2      | Killed Terence
  1485 | D:2      | Reached XP level 5. HP: 22/36 MP: 5/5
  1490 | D:2      | Reached skill level 5 in Axes
  1490 | D:2      | Reached skill level 1 in Invocations
  2164 | D:3      | Noticed Jessica
  2171 | D:3      | Killed Jessica
  2189 | D:3      | Reached XP level 6. HP: 40/42 MP: 7/7
  2625 | D:3      | Reached skill level 6 in Axes
  2632 | D:3      | Reached * piety under Okawaru
  3192 | D:4      | Found a hide-covered altar of Uskayaw.
  3192 | D:4      | Found a glowing silver altar of Zin.
  3192 | D:4      | Found a blossoming altar of Fedhas.
  3377 | D:4      | Found a burning altar of Makhleb.
  3388 | D:4      | Reached XP level 7. HP: 47/47 MP: 8/8
  3438 | D:4      | Found Vil Esig's Antique Armour Boutique.
  3489 | D:4      | Found a basalt altar of Yredelemnul.
  3871 | D:4      | Identified the +1 leather armour of Winter {rElec rPois
                  | Will+ rCorr}
  3887 | D:5      | Entered Level 5 of the Dungeon
  4188 | D:5      | Reached skill level 7 in Axes
  4314 | D:5      | Found Joleongets's Distillery.
  4328 | D:5      | Bought a potion of curing for 30 gold pieces
  4328 | D:5      | Bought a potion of invisibility for 80 gold pieces
  4328 | D:5      | Bought a potion of lignification for 30 gold pieces
  4328 | D:5      | Bought a potion of mutation for 80 gold pieces
  4351 | D:5      | Killed from afar by an orc priest

Illustrated notes

Levels and vault maps discovered:
D:1:      lemuel_arrival_cross, layout_loops_corners,
          ebering_ecumenical_altar_webs
D:2:      layout_basic, basic_altar, st_stairs_6, uniq_terence
D:3:      layout_loops_ring, grunt_ministairs_14, uniq_jessica
D:4:      layout_cave_pools, marbit_many_paths, mainiacjoe_overflow_alcove_1,
          grunt_temple_overflow_open, serial_shops, shop_statue, minivault_24,
          nrook_campfire, chequers_serial_rivers_micro_e
D:5:      layout_basic, mainiacjoe_overflow_tiny_flanked, serial_shops,
          nicolae_shop_waterfront, minmay_fractal_squares_diagonal_5,
          uniq_eustachio

Skill      XL: |  1  2  3  4  5  6  7 |
---------------+----------------------+-----
Axes           | 3 4 5 6 7 |  7.2
Invocations    | 1 2 |  2.3
Fighting       | 4 |  4.1
Dodging        | |  3.0
Shields        | |  3.0

Action                     |  1- 3 |  4- 6 |  7- 9 || total
---------------------------+-------+-------+-------++-------
  Melee: War axe           |    60 |    21 |       ||    81
         Constrict         |    20 |    41 |    10 ||    71
         Tentacles         |    14 |    26 |    11 ||    51
         Punch             |     2 |     2 |       ||     4
         Flail             |       |   114 |    29 ||   143
         Hand axe          |       |       |     5 ||     5
 Invoke: Heroism           |       |       |     1 ||     1
    Use: Potion            |       |     1 |       ||     1
   Stab: Sleeping          |     5 |    12 |     2 ||    19
 Armour: Skin              |    22 |    71 |    16 ||   109
  Dodge: Dodged            |    42 |    88 |    14 ||   144
  Block: Buckler           |    14 |    26 |     8 ||    48

Table legend: (Time is in decaauts)
 A = Elapsed time spent in this place.
 B = Non-inter-level travel time spent in this place.
 C = Inter-level travel time spent in this place.
 D = Time resting spent in this place.
 E = Time spent auto-exploring this place.
 F = Levels seen in this place.
 G = Mean time per level.
                   A        B        C        D        E       F      G
               +--------+--------+--------+--------+--------+-----+--------+
         Total |   4418 |   4020 |    398 |    582 |   2700 |   5 |  883.6 |
       Dungeon |   4418 |   4020 |    398 |    582 |   2700 |   5 |  883.6 |
               +--------+--------+--------+--------+--------+-----+--------+

Top non-repeatable levels by time:
     D:2: 1332 daAuts
     D:3: 1056 daAuts
     D:1: 987 daAuts
     D:4: 732 daAuts
     D:5: 309 daAuts
